 Dungeon Crawl Stone Soup version 0.18-a0-1350-g404b4cb (webtiles) character file.

164 kroki the Sneak (level 5, 0/28 HPs)
             Began as a Vine Stalker Assassin on Feb 19, 2016.
             Slain by a shadow imp (2 damage)
             ... summoned by Natasha
             ... on level 3 of the Dungeon.
             The game lasted 00:02:28 (2938 turns).

kroki the Sneak (Vine Stalker Assassin)             Turns: 2938, Time: 00:02:29

Health: 0/28       AC:  6    Str: 14    XL:     5   Next: 45%
Magic:  0/6        EV: 10    Int: 11    God:
Gold:   176        SH:  0    Dex: 16    Spells: 0 memorised, 4 levels left

rFire  . . .     SeeInvis .     p - +0 rapier
rCold  . . .     Gourm    .     v - +0 ring mail
rNeg   . . .     Faith    .     (no shield)
rPois  +         Spirit   +     (no helmet)
rElec  .         Dismiss  .     d - +0 cloak
rCorr  .         Reflect  .     (no gloves)
SustAt .         Harm     .     (no boots)
MR     .....                    (no amulet)
Stlth  ++........               (no ring)
                                (no ring)

@: slowed, very slow, not resistant to hostile enchantments, unstealthy
A: fangs 2, poison resistance, regeneration 1, magic shield, antimagic bite, no
device heal 3, rot immunity
a: no special abilities


You were on level 3 of the Dungeon.
You were hungry.

You visited 1 branch of the dungeon, and saw 3 of its levels.

You collected 176 gold pieces.

Inventory:

Hand Weapons
 a - a +2 dagger
 b - a +0 blowgun
 p - a +0 rapier (weapon)
   (You found it on level 2 of the Dungeon)
Missiles
 e - 8 poisoned needles
 f - 2 curare-tipped needles
Armour
 c - a +0 robe
 d - a +0 cloak (worn)
 v - a +0 ring mail (worn)
   (You found it on level 3 of the Dungeon)
Jewellery
 h - an uncursed ring of stealth {unknown}
   (You found it on level 1 of the Dungeon)
Scrolls
 i - 7 scrolls of remove curse
 j - 3 scrolls of teleportation
 k - a scroll of recharging
 u - a scroll of noise {unknown}
Potions
 l - 3 potions of mutation {!q}
 n - a potion of flight {unknown}
 q - a potion of ambrosia {unknown}
 r - 3 potions of curing {unknown}
 t - a potion of degeneration {unknown}
 x - 2 potions of invisibility {unknown}
 z - a potion of heal wounds {unknown}
Books
 o - a book of Necromancy
   (You found it on level 3 of the Dungeon)
Comestibles
 g - a bread ration {@e1}
 m - 2 beef jerkies
 s - a slice of pizza


   Skills:
 * Level 3.4 Fighting
 * Level 3.9 Short Blades
 - Level 1.7 Throwing
 - Level 0.7 Dodging
 - Level 4.8 Stealth


You had 4 spell levels left.
You didn't know any spells.

Dungeon Overview and Level Annotations

Branches:
Dungeon (3/15)

Altars:
Ashenzari
Dithmenos
Makhleb
Xom

Annotations:
D:3 Natasha


Innate Abilities, Weirdness & Mutations

You have extremely sharp teeth.
Your natural rate of healing is unusually fast.
When hurt, damage is shared between your health and your magic reserves.
Your bite disrupts and absorbs the magic of your enemies.
Potions and wands cannot restore your health.
You are immune to rotting.
Your system is resistant to poisons.


Message History

You bite the giant cockroach. You drain its power.
The giant cockroach bites you but does no damage.
A giant cockroach is nearby!
You hit the giant cockroach.
You kill the giant cockroach!
l - 4 dark potions (gained 1)
You see here 17 stones.
The hobgoblin is too close now for your liking.
A hobgoblin is nearby!
A hobgoblin is nearby!
A hobgoblin is nearby!
The hobgoblin shouts!
A hobgoblin is nearby!
A hobgoblin is nearby!
A hobgoblin is nearby!
A hobgoblin is nearby!
A hobgoblin is nearby!
A hobgoblin is nearby!
You hit the hobgoblin.
You kill the hobgoblin!
Health restored: 28
x - 2 fizzy yellow potions You now have 176 gold pieces (gained 2).
Things that are here:
a club; a robe; a hobgoblin corpse
i - 7 scrolls of remove curse (gained 3)
z - a viscous golden potion All of the chunks of flesh in your inventory have rotted away.
Things that are here:
a club; a robe; a hobgoblin corpse You see here 21 stones.
Things that are here:
a hand axe; a leather armour; a dagger A bat and Natasha come into view.
Natasha hisses angrily.
The bat barely misses you.
Natasha stares at you and mumbles some strange words.
You feel yourself slow down.
You are feeling hungry.
Natasha casts a spell at you. The magic dart hits you!
The bat barely misses you.
Natasha zaps a wand.
You feel as though you will be slow longer.
It is a wand of slowing.
The bat closely misses you.
You take 1 damage, and have 27/28 hp.
The bat hits you but does no damage.
Natasha zaps a wand.
You feel as though you will be slow longer.
Health restored: 28 The bat closely misses you.
Natasha claws you but does no damage. Natasha casts a spell at you.
The magic dart hits you!
You take 4 damage, and have 24/28 hp.
Unknown command.
You hit Natasha. You bite Natasha, but do no damage.
The bat closely misses you. Natasha claws you.
Natasha zaps a wand.
You feel as though you will be slow longer.
You take 2 damage, and have 22/28 hp.
You now have 5/6 mp.
You barely miss Natasha. The bat hits you but does no damage.
Natasha claws you.
You take 2 damage, and have 20/28 hp.
You now have 4/6 mp.
You hit Natasha. Your bite misses Natasha. The bat hits you but does no damage.
Natasha claws you. Natasha claws you but does no damage.
You take 1 damage, and have 19/28 hp.
You now have 3/6 mp.
You hit Natasha. Your bite misses Natasha. The bat barely misses you.
Natasha mumbles some strange words.
Unknown command.
You hit Natasha. The bat barely misses you.
Natasha growls.
Natasha claws you! Natasha casts a spell at you. The magic dart hits you!
You take 9 damage, and have 11/28 hp.
MASSIVE DAMAGE!!
You now have 1/6 mp.
You barely miss Natasha. The bat hits you but does no damage.
The bat barely misses you.
Natasha zaps a wand.
You resist with some effort.
You hit Natasha but do no damage. The bat misses you.
The shadow imp hits you but does no damage.
Natasha barely misses you.
The shadow imp shouts, "Slither away, thou tottering weevil-witted snake-molt!"
The shadow imp hits you but does no damage.
Natasha casts a spell.
You closely miss Natasha. The bat hits you but does no damage.
The shadow imp gestures at you. Pain shoots through your body!
* * * LOW HITPOINT WARNING * * *
Natasha claws you.
* * * LOW HITPOINT WARNING * * *
You take 10 damage, and have 2/28 hp.
MASSIVE DAMAGE!!
Drink which item? (? for menu, Esc to quit)
It was a potion of mutation.
You feel extremely strange.
You feel resistant to heat.
You no longer feel heat resistant.
You feel resistant to poisons. The bat completely misses you.
The shadow imp hits you.
You die...

#..###.# #......
#...#..# #...###
#.#...## #...#
#####.#..## #...###
#.....#..## ....#..
#...####..####.#.....
#...5...............>
#..h......###.##...##
#.#..5@##.#.# #........
#..........#.###(....###
#....b.....#.....##..#
#........>....#####..#
#.............)####..#
#.......#.....#......#
#.......#.....#.(....# #
#.......##...##......# #
....... #...#......)###


You could see an iron imp, Natasha, a shadow imp and a bat.

Vanquished Creatures
  Natasha (twice) (D:3)
  4 adders
  2 oozes
  3 worms
  A giant gecko (D:1)
  4 orcs (D:3)
  A ball python (D:1)
  4 giant cockroaches
  13 hobgoblins
  3 kobolds
  3 quokkas (D:3)
  3 bats
  3 giant newts (D:2)
  6 goblins
  4 rats
56 creatures vanquished.

Notes
Turn   | Place    | Note
--------------------------------------------------------------
     0 | D:1      | kroki the Vine Stalker Assassin began the quest for the Orb.
     0 | D:1      | Reached XP level 1. HP: 11/11 MP: 2/2
   131 | D:1      | Reached skill level 2 in Short Blades
   170 | D:1      | Reached XP level 2. HP: 15/15 MP: 3/3
   744 | D:1      | Reached skill level 2 in Fighting
  1130 | D:2      | Reached XP level 3. HP: 12/18 MP: 4/4
  1227 | D:2      | Found a shimmering altar of Xom.
  1239 | D:2      | Found a burning altar of Makhleb.
  1509 | D:2      | Found a shadowy altar of Dithmenos.
  1638 | D:2      | Reached skill level 3 in Short Blades
  2137 | D:3      | Found a shattered altar of Ashenzari.
  2203 | D:3      | Reached XP level 4. HP: 23/23 MP: 5/5
  2373 | D:3      | Reached skill level 3 in Fighting
  2637 | D:3      | Noticed Natasha
  2650 | D:3      | Killed Natasha
  2650 | D:3      | Reached XP level 5. HP: 23/28 MP: 4/6
  2661 | D:3      | Noticed Natasha
  2681 | D:3      | Killed Natasha
  2924 | D:3      | Noticed Natasha
  2937 | D:3      | HP: 5/28 [shadow imp/nerve-wracking pain[Natasha] (8)]
  2937 | D:3      | HP: 2/28 [Natasha (3)]
  2938 | D:3      | Gained mutation: Your flesh is heat resistant. [potion of mutation]
  2938 | D:3      | Lost mutation: Your flesh is heat resistant. [potion of mutation]
  2938 | D:3      | Gained mutation: Your system is resistant to poisons. [potion of mutation]
  2938 | D:3      | Slain by a shadow imp

Vault maps used:
D:1:      lightli_arrival_statuegarden
D:2:      grunt_temple_overflow_open, grunt_dithmenos_smoke, grunt_ministairs_8
D:3:      nicolae_ashenzari_panopticon, lemuel_coloured_pillars_altar,
          uniq_natasha

Action                   |  1- 3 |  4- 6 || total
-------------------------+-------+-------++-------
Melee: Dagger            |    80 |       ||    80
       Rapier            |    36 |   103 ||   139
  Use: Scroll            |     5 |       ||     5
       Potion            |       |     1 ||     1
 Stab: Sleeping          |     3 |       ||     3
  Eat: Chunk             |     3 |     3 ||     6

Vault maps used:
D:1:      lightli_arrival_statuegarden
D:2:      grunt_temple_overflow_open, grunt_dithmenos_smoke, grunt_ministairs_8
D:3:      nicolae_ashenzari_panopticon, lemuel_coloured_pillars_altar,
          uniq_natasha

Table legend:
 A = Turns spent in this place as a percentage of turns spent in the entire game.
 B = Non-inter-level travel turns spent in this place as a percentage of non-inter-level travel turns spent in the entire game.
 C = Inter-level travel turns spent in this place as a percentage of turns spent in this place.
 D = Turns resting spent in this place as a percentage of non-inter-level travel turns spent in this place.
 E = Turns spent auto-exploring this place as a percentage of non-inter-level travel turns spent in this place.
 F = Non-inter-level travel turns spent in this place divided by the number of levels of this place that you've seen.
                   A       B       C       D       E      F
               +-------+-------+-------+-------+-------+----------------------
         Total | 100.0 | 100.0 |   0.3 |   0.5 |  11.1 | 501.7
       Dungeon | 100.0 | 100.0 |   0.3 |   0.5 |  11.1 | 501.7
               +-------+-------+-------+-------+-------+----------------------

Table legend:
 A = Kills in this place as a percentage of kills in entire the game.
 B = Kills by you in this place as a percentage of kills by you in the entire game.
 C = Kills by friends in this place as a percentage of kills by friends in the entire game.
 D = Other kills in this place as a percentage of other kills in the entire game.
 E = Experience gained in this place as a percentage of experience gained in the entire game.
 F = Experience gained in this place divided by the number of levels of this place that you have seen.
                   A       B       C       D       E      F
               +-------+-------+-------+-------+-------+----------------------
         Total | 100.0 | 100.0 |  -nan |  -nan | 100.0 |  78.3
       Dungeon | 100.0 | 100.0 |  -nan |  -nan | 100.0 |  78.3
               +-------+-------+-------+-------+-------+----------------------
